Map: 2000 Atmospheres LE

Players

Massa

  • Race: Terran Terran
  • League: Platinum

HerrFrost - Winner!

  • Race: Terran Terran
  • League: Platinum

VOD

Have the link to the VOD?

Description

Time

  • Played on: April 7, 2021, 4:42 p.m.
  • Length: 7:30
Show
View Real Time Build Order
Export as new Build Order

Massa Terran 

Build Orders:  

Get SALT Encoding   

  12  0:00  SCV  
  13  0:12  SCV  
  14  0:16  Supply Depot  
  14  0:28  SCV  
  15  0:31  Refinery  
  15  0:43  SCV  
  16  0:51  Barracks  
  16  0:59  Refinery  
  16  1:08  Barracks  
  16  1:12  SCV  
  17  1:24  SCV  
  18  1:32  Supply Depot  
  18  1:38  Reaper  
  19  1:49  Orbital Command  
  19  1:55  Reaper  
  20  2:10  Reaper  
  21  2:17  SCV  
  22  2:23  Supply Depot  
  22  2:27  Reaper  
  22  2:42  Reaper  
  23  3:00  Reaper  
  24  3:07  SCV  
  24  3:11  Command Center  
  25  3:14  Reaper  
  25  3:15  Factory  
  26  3:20  SCV  
  27  3:32  SCV  
  28  3:44  SCV  
  29  4:11  Hellion  
  31  4:20  Engineering Bay  
  31  4:23  Command Center  
  31  4:28  Barracks  
  31  4:29  Starport  
  31  4:33  Hellion  
  31  4:38  SCV  
  34  4:40  Barracks Tech Lab  
  34  4:47  Orbital Command  
  34  4:50  SCV  
  35  4:54  Hellion  
  35  4:56  Missile Turret  
  37  5:02  SCV  
  38  5:12  Stimpack  
  38  5:13  SCV  
  39  5:14  SCV  
  39  5:16  Barracks Reactor  
  40  5:24  Barracks Reactor  
  40  5:25  SCV  
  40  5:26  SCV  
  40  5:27  Marine  
  43  5:29  Supply Depot  
  42  5:42  Starport Tech Lab  
  37  5:43  Barracks Tech Lab  
  37  5:46  Marauder  
  37  5:47  SCV x2  
  41  5:55  Factory Tech Lab  
  41  5:59  SCV x2  
  41  6:01  SCV  
  44  6:05  Refinery x2  
  44  6:08  Missile Turret  
  44  6:11  SCV x2  
  44  6:16  Marauder, Marine x2  
  50  6:19  SCV  
  50  6:23  SCV  
  50  6:24  SCV  
  53  6:26  Marauder  
  53  6:29  Banshee  
  53  6:31  SCV  
  59  6:34  Marine x2  
  56  6:47  Marauder  
  53  7:09  Marauder  
  55  7:20  Barracks  
  55  7:21  Barracks  
Show
View Real Time Build Order
Export as new Build Order

HerrFrost Terran - Winner!

Build Orders: 2 Factory, Mech 

Get SALT Encoding   

  12  0:00  SCV  
  13  0:12  SCV  
  14  0:22  Supply Depot  
  14  0:25  SCV  
  15  0:44  SCV  
  15  0:45  Barracks  
  15  0:49  Refinery  
  16  0:50  Refinery  
  16  0:56  SCV  
  17  1:22  SCV  
  18  1:33  Marine, Supply Depot  
  18  1:34  SCV  
  20  1:43  Factory  
  20  1:46  SCV  
  21  1:51  Marine  
  22  1:58  SCV  
  23  2:10  SCV  
  23  2:15  Marine  
  25  2:23  SCV  
  26  2:32  Starport  
  26  2:33  Factory Tech Lab  
  26  2:35  SCV  
  27  2:49  Marine  
  28  2:51  Orbital Command  
  28  2:53  Siege Tank  
  31  3:07  Factory  
  31  3:09  Factory  
  31  3:21  Starport Reactor  
  31  3:24  Supply Depot  
  31  3:34  Engineering Bay  
  31  3:44  Supply Depot  
  31  3:47  SCV  
  32  3:52  Factory Tech Lab  
  32  3:53  Factory Tech Lab  
  32  3:58  Viking x2  
  36  4:05  Supply Depot  
  36  4:08  SCV  
  37  4:11  Siege Tank  
  40  4:21  SCV  
  41  4:36  Command Center  
  41  4:37  SCV  
  42  4:57  Siege Tank x2  
  48  5:16  Refinery x2  
  48  5:22  Command Center  
  48  5:24  SCV  
  45  5:36  SCV  
  46  5:50  Viking  
  46  5:51  Viking  
  46  5:55  Marine  
  51  6:12  Siege Tank  
  51  6:13  Marine  
  51  6:15  Siege Tank  
  58  6:20  SCV  
  58  6:22  SCV  
  58  6:23  Refinery  
  60  6:27  Refinery  
  60  6:32  SCV  
  61  6:36  Planetary Fortress  
  59  6:44  SCV  
  56  6:56  SCV  
  56  6:58  Siege Tank  
Tags
 
Composition
Mech
Matchup
TvT
Opening
2 Factory
Race
Terran
Replay Pack
Multiplayer
Add a new tag
Caveats
  • Supply blocks, unpowered buildings, or Contaminate may cause inaccurate times.
  • Supply counts are checked every 10 seconds.